 Dungeon Crawl Stone Soup version 0.27.1 (webtiles) character file.

Game seed: 9560433123792877157

15 MajorAdolf the Gusty (level 2, -4/25 HPs)
             Began as a Naga Wanderer on Aug 29, 2021.
             Slain by an adder (5 damage)
             ... on level 2 of the Dungeon.
             The game lasted 00:02:17 (1564 turns).

MajorAdolf the Gusty (Naga Wanderer)                Turns: 1564, Time: 00:02:19

Health: -4/25      AC:  1    Str: 13    XL:     2   Next: 50%
Magic:  0/3        EV:  9    Int: 12    God:
Gold:   109        SH:  0    Dex: 11    Spells: 2/3 levels left

rFire    . . .     SeeInvis +   g - staff of air
rCold    . . .     Faith    .   (no shield)
rNeg     . . .     Spirit   .   b - +0 robe
rPois    +         Reflect  .   (no helmet)
rElec    +         Harm     .   (no cloak)
rCorr    .         Rampage  .   (no gloves)
Will     .....                  (no barding)
Stlth    +.........             (no amulet)
HPRegen  0.08/turn              (no ring)
MPRegen  0.08/turn              (no ring)

@: short of breath, very slow
A: AC +0, large, see invisible, deformed body, poison resistance, slowness 2,
spit poison 1, naga tail 1
a: Spit Poison


You were on level 2 of the Dungeon.
You visited 1 branch of the dungeon, and saw 2 of its levels.

You collected 109 gold pieces.

Inventory:

Hand Weapons
 a - a +2 mace
Armour
 b - a +0 robe (worn)
Magical Staves
 g - a staff of air (weapon)
Scrolls
 c - a scroll of magic mapping {unknown}
 d - a scroll of holy word {unknown}
 f - a scroll of noise {unknown}
Potions
 h - a potion of cancellation {unknown}


   Skills:
 - Level 1.0 Fighting
 - Level 2.0 Maces & Flails
 - Level 1.5 Armour
 - Level 1.0 Spellcasting
 + Level 1.0 Conjurations
 - Level 1.0 Transmutations
 + Level 2.3 Air Magic
 - Level 2.0 Evocations


You had 2 spell levels left.
You knew the following spells:

 Your Spells              Type           Power      Damage    Failure   Level
a - Shock                 Conj/Air       28%        1d4       16%         1

Your spell library contained the following spells:

 Spells                   Type           Power      Damage    Failure   Level
 Summon Small Mammal      Summ           0%         N/A       30%         1
 Mephitic Cloud           Conj/Pois/Air  4%         N/A       50%         3
 Summon Guardian Golem    Hex/Summ       0%         N/A       65%         3


Dungeon Overview and Level Annotations

Branches:
Dungeon (2/15)

Altars:


Innate Abilities, Weirdness & Mutations

Your serpentine skin is tough. (AC +0)
You have supernaturally acute eyesight. (SInv)
Armour fits poorly on your strangely shaped body.
Your system is resistant to poisons. (rPois)
You cover ground very slowly.
You can spit poison.
You have a snake-like lower body.


Message History

Unknown command.
You feel sick. The adder closely misses you.
You feel sick.
It was a potion of heal wounds.
You feel much better.
You have got your breath back.
You feel sick. The adder closely misses you. The adder bites you.
You are more poisoned.
The adder poisons you!
You feel very sick. The adder bites you.
Casting: Shock (safe; 16% risk of failure)
Confirm with . or Enter, or press ? or * to list all spells.
Aiming: Shock (safe; 16% risk of failure)
Press: ? - help, Shift-Dir - straight line, f/p - adder
Aim: an adder (lightly wounded, 48% to hit)
You feel a surge of power!
The zap misses the adder.
The zap hits the adder.
The adder is heavily wounded.
You feel sick. The adder bites you.
Unknown command.
You hit the adder but do no damage.
The adder is heavily wounded.
You feel sick. The adder completely misses you.
Press: ? - help, Shift-Dir - straight line, f/p - adder
Aim: an adder (heavily wounded)
The splash of poison misses the adder.
You feel sick. The adder bites you.
* * * LOW HITPOINT WARNING * * *
The adder bites you.
* * * LOW HITPOINT WARNING * * *
Unknown command.
You miss the adder.
The adder is heavily wounded.
You feel sick. The adder bites you.
* * * LOW HITPOINT WARNING * * *
You hit the adder.
The adder is severely wounded.
* * * LOW HITPOINT WARNING * * *
You feel sick.
You are no longer poisoned.
The adder bites you.
You die...

.## #.# #.#.#
..###.# # #.#.#
...##.#.# #.#.#
...##.#.#
####.#.#######
........#
#.............
##.##.###
#....#.######.
##.##.#
#..###.#
#.##.#####..#
#.####
#.##........#
#@S..#
#.########..#
####.# ..# #..#
#.# ### #..#
#.# ...# #.#
..## #.#
#.........>...#
########...####
#..##


You could see an adder.

Vanquished Creatures
  3 bats (D:1)
  3 hobgoblins (D:1)
  2 kobolds (D:1)
  3 ball pythons (D:1)
  3 frilled lizards (D:1)
14 creatures vanquished.

Vanquished Creatures (others)
  A fungus (D:1)
  2 plants (D:1)
3 creatures vanquished.

Grand Total: 17 creatures vanquished

Notes
Turn   | Place    | Note
-------+----------+-------------------------------------------
     0 | D:1      | MajorAdolf the Naga Wanderer began the quest for the Orb.
     0 | D:1      | MajorAdolf set off with the following items: a +2 mace, a
                  | +0 robe; and the following spells available to memorise:
                  | Shock, Summon Small Mammal, Mephitic Cloud, Summon Guardian
                  | Golem
     0 | D:1      | Reached XP level 1. HP: 18/18 MP: 1/1
   277 | D:1      | Reached skill level 1 in Spellcasting
   279 | D:1      | Learned a level 1 spell: Shock
   320 | D:1      | Found a faded altar of an unknown god.
   526 | D:1      | Reached XP level 2. HP: 25/25 MP: 1/3
  1282 | D:1      | Reached skill level 1 in Conjurations
  1564 | D:2      | HP: 1/25 [poisoned by an adder]
  1564 | D:2      | Slain by an adder

Illustrated notes

Levels and vault maps discovered:
D:1:      erik_arrival_cave_to_civilisation [erik_arrival_cave_to_hall],
          layout_loops_ring, shapermc_ecumenical_altar_mp_ritualfount,
          minivault_24, wander_ebering_terrifying_dragon_lair
D:2:      layout_loops_ring, basic_altar

Skill      XL: |  1  2 |
---------------+-------+-----
Spellcasting   | 1 |  1.0
Conjurations   | 1 |  1.0
Fighting       | |  1.0
Maces & Flails | |  2.0
Armour         | |  1.5
Transmutations | |  1.0
Air Magic      | |  2.3
Evocations     | |  2.0

Action                   || total
-------------------------++-------
Melee: Mace              ||     7
       Staff             ||     3
 Cast: Shock             ||    18
 Abil: Spit Poison       ||     9
  Use: Potion            ||     1
 Stab: Sleeping          ||     1
Armor: Robe              ||     2
Dodge: Dodged            ||     7
